 Dungeon Crawl Stone Soup version 0.28-a0-723-g095bd1b44f (webtiles) character file.

Game seed: 16520149888520793138

53 avis the Insei (level 3, 0/24 HPs)
             Began as an Octopode Transmuter on Oct 25, 2021.
             Slain by a worm (10 damage)
             ... on level 2 of the Dungeon.
             The game lasted 00:07:50 (1946 turns).

avis the Insei (Octopode Transmuter)                Turns: 1946, Time: 00:07:50

Health: 0/24       AC:  2    Str: 10    XL:     3   Next: 87%
Magic:  0/6        EV: 19    Int: 15    God:
Gold:   56         SH:  0    Dex: 17    Spells: 2/6 levels left

rFire   . . .      SeeInvis .     - Unarmed
rCold   . . .      Faith    .   (shield currently unavailable)
rNeg    . . .      Spirit   .   (helmet currently unavailable)
rPois   x          Reflect  .   (no amulet)
rElec   .          Harm     .   (no ring)
rCorr   .          Rampage  .   (no ring)
Will    .....                   (no ring)
Stlth   ++........              (no ring)
HPRegen 0.08/turn               (no ring)
MPRegen 0.10/turn               (no ring)
                                (no ring)
                                (no ring)

@: spider-form, very slightly contaminated
A: venomous fangs, almost no armour, (amphibious), 8 rings, tiny, (camouflage
1), (gelatinous body 1), (nimble swimmer 1), (tentacles)
a: End Transformation


You were on level 2 of the Dungeon.
You were a venomous arachnid creature.
You visited 1 branch of the dungeon, and saw 2 of its levels.

You collected 56 gold pieces.

Inventory:

Hand Weapons
 e - a +0 hunting sling
Missiles
 b - 4 boomerangs (quivered)
 f - 16 arrows
 g - 22 stones
Scrolls
 c - 2 scrolls of identify {unknown}
 d - a scroll of teleportation {unknown}
Potions
 a - a potion of curing {unknown}
 h - a potion of invisibility {unknown}


   Skills:
 * Level 2.1 Fighting
 - Level 2.0 Dodging
 - Level 1.0 Stealth
 - Level 4.0 Unarmed Combat
 - Level 2.0 Spellcasting
 - Level 2.0 Transmutations
 - Level 1.0 Poison Magic


You had 2 spell levels left.
You knew the following spells:

 Your Spells              Type           Power      Damage    Failure   Level
a - Beastly Appendage     Tmut           14%        N/A       24%         1
p - Spider Form           Tmut/Pois      3%         N/A       56%         3

Your spell library contained the following spells:

 Spells                   Type           Power      Damage    Failure   Level
 Wereblood                Tmut           7%         N/A       32%         2
 Static Discharge         Conj/Air       1%         N/A       54%         2
 Ice Form                 Ice/Tmut       4%         N/A       93%         4
 Lightning Bolt           Conj/Air       0%         1d11      100%        5
 Maxwell's Capacitive Co  Air            0%         ∞         100%        8


Dungeon Overview and Level Annotations

Branches:
Dungeon (2/15)

Altars:

Annotations:
D:2 Natasha


Innate Abilities, Weirdness & Mutations

You are a venomous arachnid creature.
You have poisonous fangs.
You are tiny and dextrous.
Your spellcasting is less reliable in this form.
Your armour is entirely melded.
You are incapable of wielding weapons or throwing items.
You cannot wear most types of armour.
((You are amphibious.))
You can wear up to eight rings at the same time.
((Your skin changes colour to match your surroundings (Stealth+).))
((Your rubbery body absorbs attacks. (AC +1, EV +1)))
((You are camouflaged near water. (Stealth+)))
((You have tentacles for arms and can constrict up to eight enemies at once.))


Message History

The worm is moderately wounded.
The worm barely misses you.
You bite the worm!
The worm looks as sick as possible!
The worm is severely wounded.
You hit the worm.
The worm looks as sick as possible!
The worm is severely wounded.
The worm bites you.
You bite the worm!
You kill the worm!
There is a stone staircase leading up here.
You see here a +0 club.
You start resting.
Your transformation has ended.
You start resting.
Magic restored.
You start resting.
A worm is nearby!
Casting: Spider Form (extremely dangerous; 34% risk of failure)
Confirm with . or Enter, or press ? or * to list all spells.
The spell is extremely dangerous to cast (34% risk of failure)!
Continue anyway?
You miscast Spider Form.
You are very lightly contaminated with residual magic.
Nothing appears to happen.
Casting: Spider Form (extremely dangerous; 34% risk of failure)
Confirm with . or Enter, or press ? or * to list all spells.
The spell is extremely dangerous to cast (34% risk of failure)!
Continue anyway?
You turn into a venomous arachnid creature.
Items here: ) [[ ÷.
The worm bites you!
You hit the worm.
The worm is poisoned.
The worm is lightly wounded.
You completely miss the worm.
The worm is lightly wounded.
The worm closely misses you.
You hit the worm.
The worm is heavily wounded.
You completely miss the worm.
The worm is heavily wounded.
The worm bites you!
You die...

...## ##
....# ..
...##
.###
....# #
..# ....#
#.###.#
##..#
#..†.<#
....#
#.###)#
###<# #
#.# ###
#s# #w#
#)#
........#
....#...#
.. ###.#
..# #.#
..#


You could see a worm (poisoned).

Vanquished Creatures
  Robin (D:2)
  A worm (D:2)
  2 dart slugs (D:1)
  A ball python (D:1)
  3 bats (D:1)
  2 endoplasms (D:1)
  A giant cockroach (D:1)
  8 goblins
  6 hobgoblins
  2 kobolds (D:1)
  A quokka (D:2)
  2 frilled lizards
30 creatures vanquished.

Notes
Turn   | Place    | Note
-------+----------+-------------------------------------------
     0 | D:1      | avis the Octopode Transmuter began the quest for the Orb.
     0 | D:1      | Reached XP level 1. HP: 13/13 MP: 3/3
    79 | D:1      | Reached skill level 1 in Stealth
   234 | D:1      | Reached XP level 2. HP: 19/19 MP: 3/5
   518 | D:1      | Reached skill level 1 in Poison Magic
  1169 | D:2      | Noticed Natasha
  1196 | D:2      | Reached XP level 3. HP: 17/24 MP: 4/6
  1200 | D:2      | Learned a level 3 spell: Spider Form
  1355 | D:2      | Noticed Robin
  1719 | D:2      | Killed Robin
  1776 | D:2      | Reached skill level 4 in Unarmed Combat
  1946 | D:2      | Slain by a worm

Illustrated notes

Levels and vault maps discovered:
D:1:      dpeg_arrival_tiny_a, layout_loops_ring, minivault_14,
          serial_bayou_lake_a
D:2:      layout_basic, basic_altar, nicolae_underground_beach, uniq_natasha,
          uniq_robin, uniq_crazy_yiuf_cottage, uniq_jessica

Skill      XL: |  1  2  3 |
---------------+----------+-----
Stealth        | 1 |  1.0
Fighting       | 2 |  2.1
Poison Magic   | 1 |  1.0
Unarmed Combat | 4 |  4.0
Dodging        | |  2.0
Spellcasting   | |  2.0
Transmutations | |  2.0

Action                   || total
-------------------------++-------
Melee: Unarmed           ||    70
       Constrict         ||    16
       Kick              ||     7
       Tentacles         ||     9
       Punch             ||     3
 Cast: Beastly Appendage ||    19
       Spider Form       ||     5
 Stab: Sleeping          ||     5
Armor: Skin              ||     4
Dodge: Dodged            ||    35

Table legend: (Time is in decaauts)
 A = Elapsed time spent in this place.
 B = Non-inter-level travel time spent in this place.
 C = Inter-level travel time spent in this place.
 D = Time resting spent in this place.
 E = Time spent auto-exploring this place.
 F = Levels seen in this place.
 G = Mean time per level.
                   A        B        C        D        E       F      G
               +--------+--------+--------+--------+--------+-----+--------+
         Total |   1944 |   1876 |     68 |    881 |    555 |   2 |  972.0 |
       Dungeon |   1944 |   1876 |     68 |    881 |    555 |   2 |  972.0 |
               +--------+--------+--------+--------+--------+-----+--------+

Top non-repeatable levels by time:
     D:1: 1559 daAuts
     D:2: 385 daAuts
